 Dungeon Crawl Stone Soup version bcrawl-1.27.6 (webtiles) character file.

Game seed: 14721176728499096197

170539 Faustar the Skirmisher (level 5, -5/35 HPs)
             Began as a Gargoyle Fighter on Oct 9, 2020.
             Slain by an ice beast (9 damage)
             ... on level 4 of the Dungeon.
             The game lasted 00:02:59 (2233 turns).

Faustar the Skirmisher (Gargoyle Fighter)           Turns: 2233, Time: 00:02:59

Health: -5/35      AC: 13    Str: 20    XL:     5   Next: 68%
Magic:  5/5        EV:  9    Int:  9    God:
Gold:   177        SH:  0    Dex:  9    Spells: 4/4 levels left

rFire    . . .     SeeInvis .   t - +0 morningstar (protect)
rCold    . . .     Gourm    .   (no shield)
rNeg     + . .     Faith    .   b - +0 scale mail
rPois    ∞         Spirit   .   (no helmet)
rElec    +         Reflect  .   (no cloak)
rCorr    .         Harm     .   (no gloves)
MR       .....                  (no boots)
Stlth    ..........             (no amulet)
HPRegen  0.11/turn              f - +3 ring of protection
MPRegen  0.09/turn              (no ring)

@: no status effects
A: negative energy resistance 1, electricity resistance, unbreathing,
petrification resistance, rot immunity, AC +4
a: no special abilities


You were on level 4 of the Dungeon.
You were hungry.

You visited 1 branch of the dungeon, and saw 4 of its levels.

You collected 177 gold pieces.

Inventory:

Hand Weapons
 a - a +0 flail
 t - a +0 morningstar of protection (weapon)
Armour
 b - a +0 scale mail (worn)
 c - a +0 medium shield
 n - a +0 plate armour
Jewellery
 f - a +3 ring of protection (left hand)
Scrolls
 g - 3 scrolls of identify
 h - a scroll of blinking {unknown}
 j - a scroll of fear {unknown}
 k - a scroll of amnesia {unknown}
 l - 2 scrolls of teleportation {unknown}
Potions
 d - a potion of might
 i - a potion of degeneration {unknown}
 m - a potion of magic {unknown}
 o - a potion of agility {unknown}
 p - a potion of berserk rage {unknown}
 q - a potion of cancellation {unknown}
 r - a potion of heal wounds {unknown}
Comestibles
 e - 4 rations {!d}


   Skills:
 + Level 5.3 Fighting
 + Level 4.2 Maces & Flails
 - Level 3.2 Armour
 - Level 3.2 Shields


You had 4 spell levels left.
You didn't know any spells.
Your spell library was empty.

Dungeon Overview and Level Annotations

Branches:
Dungeon (4/12)
 Temple: D:4-7

Altars:
Hepliaklqana
Sif Muna
Zin


Innate Abilities, Weirdness & Mutations

You are resistant to torment.
Your stone body is resilient. (AC +4)
You are immune to poison.
You resist negative energy. (rN+)
You are resistant to electric shocks. (rElec)
You can survive without breathing.
You are immune to petrification.
You are immune to rotting.


Message History

The ice beast completely misses you.
You hit the ice beast.
Your weapon exudes an aura of protection.
The ice beast is almost dead.
The ice beast completely misses you.
You closely miss the ice beast.
The ice beast is almost dead.
The ice beast hits you but does no damage.
You closely miss the ice beast.
The ice beast is almost dead.
The ice beast hits you but does no damage. x2
You barely miss the ice beast.
The ice beast is almost dead.
The crimson imp blinks!
The ice beast closely misses you.
You closely miss the ice beast.
The ice beast is almost dead.
The ice beast hits you.
* * * LOW HITPOINT WARNING * * *
The ice beast freezes you!
You die...

...............
.............
#...?......
...##.<........ ##
#........Y###. ....
#.#........##......
#...#..............
..........§###5.>...
...#.[....zY@.......
#######...####......
#...# ..... #...#
.... ##### ... ##


You could see an ice beast, a wight and a crimson imp.

Vanquished Creatures
  An orc priest (D:3)
  An iguana (D:4)
  3 adders
  An ooze (D:1)
  An adder skeleton (D:2)
  3 worms (D:2)
  5 leopard geckos
  11 orcs
  3 giant cockroaches
  3 goblins
  6 hobgoblins
  11 jackals
  3 quokkas (D:2)
  2 ball pythons
  2 bats (D:2)
  2 frilled lizards (D:2)
  3 kobolds
  A quokka skeleton (D:3)
  9 rats
71 creatures vanquished.

Notes
Turn   | Place    | Note
-------+----------+-------------------------------------------
     0 | D:1      | Faustar the Gargoyle Fighter began the quest for the Orb.
     0 | D:1      | Reached XP level 1. HP: 14/14 MP: 1/1
    90 | D:1      | Reached XP level 2. HP: 14/19 MP: 2/2
   541 | D:2      | Reached skill level 4 in Fighting
   541 | D:2      | Reached XP level 3. HP: 24/24 MP: 3/3
   678 | D:2      | Found a hazy altar of Hepliaklqana.
   680 | D:2      | Found a shimmering blue altar of Sif Muna.
   684 | D:2      | Found a glowing silver altar of Zin.
   936 | D:2      | Reached XP level 4. HP: 19/30 MP: 4/4
  1692 | D:3      | Reached XP level 5. HP: 34/34 MP: 5/5
  1802 | D:3      | Reached skill level 5 in Fighting
  2200 | D:4      | Noticed an ice beast
  2233 | D:4      | Slain by an ice beast

Skill      XL: |  1  2  3  4  5 |
---------------+----------------+-----
Fighting       | 4 5 |  5.3
Maces & Flails | 3 4 |  4.2
Armour         | |  3.2
Shields        | |  3.2

Action                   |  1- 3 |  4- 6 || total
-------------------------+-------+-------++-------
Melee: Flail             |   140 |   157 ||   297
       Morningstar       |       |    28 ||    28
  Eat: Chunk             |     4 |    11 ||    15
Armor: Scale mail        |   118 |   145 ||   263
Dodge: Dodged            |    40 |    91 ||   131
Block: Medium shield     |    84 |    41 ||   125
